 Dungeon Crawl Stone Soup version 0.29.1-2-gbd0b4ee654 (webtiles) character file.

Game seed: 16347616985685274655

7 warriortoast the Sneak (level 1, 0/9 HPs)
             Began as a Spriggan Enchanter on Nov 18, 2022.
             Slain by a quokka (5 damage)
             ... on level 1 of the Dungeon.
             The game lasted 00:00:49 (691 turns).

warriortoast the Sneak (Spriggan Enchanter)          Turns: 691, Time: 00:00:49

Health: 0/9        AC:  2    Str:  4    XL:     1   Next: 83%
Magic:  5/5        EV: 17    Int: 16    God:
Gold:   4          SH:  0    Dex: 15    Spells: 5/5 levels left

rFire   . . .      SeeInvis +   a - +1 dagger
rCold   . . .      Faith    .   (no shield)
rNeg    . . .      Spirit   .   b - +0 robe
rPois   .          Reflect  .   (helmet restricted)
rElec   .          Harm     .   (no cloak)
rCorr   .          Rampage  .   (gloves unavailable)
Will    .....                   (boots unavailable)
Stlth   +++.......              (no amulet)
HPRegen 0.03/turn               (no ring)
MPRegen 0.09/turn               (no ring)

@: very quick
A: very small, no large weapons, unfitting armour, see invisible, speed 3
a: no special abilities


You were on level 1 of the Dungeon.
You visited 1 branch of the dungeon, and saw 1 of its levels.

You collected 4 gold pieces.

Inventory:

Hand Weapons
 a - a +1 dagger (weapon)
Armour
 b - a +0 robe (worn)
Potions
 c - 2 potions of invisibility
 d - a potion of attraction {unknown}
 e - a potion of haste {unknown}


   Skills:
 + Level 1.3 Short Blades
 + Level 2.9 Dodging
 + Level 4.6 Stealth
 + Level 2.8 Spellcasting
 + Level 3.7 Hexes


You had 5 spell levels left.
You didn't know any spells.
Your spell library contained the following spells:

 Spells                   Type           Power      Damage    Failure   Level
 Confusing Touch          Hex            14%        N/A       12%         3
 Tukima's Dance           Hex            14%        N/A       12%         3
 Ensorcelled Hibernation  Hex/Ice        16%        N/A       13%         2
 Dazzling Flash           Conj/Hex       16%        N/A       26%         3


Dungeon Overview and Level Annotations

Branches:
Dungeon (1/15)

Altars:


Innate Abilities, Weirdness & Mutations

You are very small and have problems with some larger weapons.
You are too small for most types of armour.
You have supernaturally acute eyesight. (SInv)
You cover ground extremely quickly. (Speed+++)


Message History

You kill the goblin!
No target in view!
No target in view!
No target in view!
No target in view!
No target in view!
No target in view!
No target in view!
No target in view!
No target in view!
No target in view!
No target in view!
No target in view!
No target in view!
You see here a +0 dagger.
A rat comes into view.
A kobold comes into view. It is wielding a +0 club.
You completely miss the rat. You punch the rat.
You kill the rat!
A quokka comes into view.
You see here a rat corpse.
The kobold shouts!
You hit the quokka but do no damage. The quokka completely misses you.
You barely miss the kobold. The quokka barely misses you.
The kobold misses you.
You hit the kobold but do no damage. The quokka misses you.
The quokka barely misses you. The kobold misses you.
You closely miss the kobold. The quokka completely misses you.
You miss the kobold. The kobold completely misses you.
The quokka closely misses you.
You miss the kobold. The kobold hits you with a +0 club.
The quokka closely misses you.
You closely miss the kobold. Your punch misses the kobold.
The kobold closely misses you. The quokka closely misses you.
You barely miss the kobold. The quokka closely misses you.
The kobold misses you.
You barely miss the kobold. The quokka bites you. The kobold misses you.
You hit the kobold but do no damage. The quokka bites you.
Ouch! That really hurt!
You die...

#.....## +......
#.....# #####.....#
#.........#
#.........#
#....Kr...#
#....@....# ....
#....###### ...#
#...†# ...# +....##
...# #.....# ##....
#.....### #...
#.......########.#####
#######..##.##........
##..#..)..######


You could see a quokka and a kobold.

Vanquished Creatures
  2 bats (D:1)
  An endoplasm (D:1)
  A goblin (D:1)
  A ball python (D:1)
  2 rats (D:1)
7 creatures vanquished.

Notes
Turn   | Place    | Note
-------+----------+-------------------------------------------
     0 | D:1      | warriortoast the Spriggan Enchanter began the quest for the
                  | Orb.
     0 | D:1      | Reached XP level 1. HP: 9/9 MP: 5/5
   691 | D:1      | Slain by a quokka

Illustrated notes

Levels and vault maps discovered:
D:1:      kilobyte_arrival_exit_the_forest, layout_basic

Action                   || total
-------------------------++-------
Melee: Dagger            ||    33
       Punch             ||     1
 Stab: Sleeping          ||     2
Dodge: Dodged            ||    32
